 Dungeon Crawl Stone Soup version 0.29-a0-284-gf9362112df (webtiles) character file.

Game seed: 7446238741759081009

28 namelastname112 the Sneak (level 2, 0/25 HPs)
             Began as a Draconian Brigand on Mar 14, 2022.
             Succumbed to an orc priest's poison
             ... on level 2 of the Dungeon.
             The game lasted 00:01:06 (1193 turns).

namelastname112 the Sneak (Draconian Brigand)       Turns: 1193, Time: 00:01:07

Health: 0/25       AC:  5    Str: 11 (13) XL:     2   Next: 96%
Magic:  2/2        EV: 11    Int:  8 (11) God:
Gold:   44         SH:  0    Dex: 11 (12) Spells: 1/1 levels left

rFire   . . .      SeeInvis .   a - +2 dagger
rCold   . . .      Faith    .   (no shield)
rNeg    . . .      Spirit   .   (body armour unavailable)
rPois   .          Reflect  .   (helmet restricted)
rElec   .          Harm     .   b - +0 cloak
rCorr   .          Rampage  .   (no gloves)
Will    .....                   (no boots)
Stlth   ++........              (no amulet)
HPRegen 0.08/turn               (no ring)
MPRegen 0.08/turn               (no ring)

@: lethally poisoned (0 -> -22)
A: AC +4, unfitting armour, cold-blooded
a: no special abilities


You were on level 2 of the Dungeon.
You visited 1 branch of the dungeon, and saw 2 of its levels.

You collected 44 gold pieces.

Inventory:

Hand Weapons
 a - a +2 dagger (weapon)
Missiles
 c - 9 poisoned darts (quivered)
 d - 3 curare-tipped darts
Armour
 b - a +0 cloak (worn)
Scrolls
 e - a scroll of enchant armour {unknown}
 g - a scroll of identify {unknown}
 i - 2 scrolls of fog {unknown}
 k - a scroll of silence {unknown}
Potions
 h - a potion of curing {unknown}
 j - a potion of brilliance {unknown}


   Skills:
 + Level 2.5 Fighting
 + Level 2.3 Short Blades
 + Level 2.1 Throwing
 + Level 1.3 Dodging
 + Level 3.8 Stealth


You had one spell level left.
You didn't know any spells.
Your spell library contained the following spells:

 Spells                   Type           Power      Damage    Failure   Level
 Foxfire                  Conj/Fire      0%         2x1d4     41%         1
 Inner Flame              Hex/Fire       0%         N/A       78%         3
 Ice Form                 Ice/Tmut       0%         N/A       99%         4
 Metabolic Englaciation   Hex/Ice        0%         N/A       100%        5


Dungeon Overview and Level Annotations

Branches:
Dungeon (2/15)

Altars:


Innate Abilities, Weirdness & Mutations

Your plain brown scales are hard. (AC +4)
You cannot fit into any form of body armour.
You are cold-blooded and may be slowed by cold attacks.


Message History

The orc shouts!!!
You spit the ball python like a pig!
Your tail-slap misses the ball python!
The ball python is heavily wounded!
You hear an angry hiss!
The ball python bites you but does no damage!
The ball python constricts you!
You perforate the ball python like a sieve!
You annihilate the ball python!!!
Found a stone staircase leading down!
You spit the orc like a pig!
Your tail-slap misses the orc!
The orc is moderately wounded!
The orc hits you with a +0 hand axe!
You take 3 damage, and have 22/25 hp!
You barely miss the orc!
The orc is moderately wounded!
The orc priest calls upon Beogh to heal the orc!
The orc's wounds heal themselves!!!
The orc hits you but does no damage! The orc barely misses you!
There are monsters nearby!!!
You barely miss the orc priest!
A ball python comes into view!
The ball python hisses angrily!
You spit the orc priest like a pig!
The orc priest is moderately wounded!
The orc priest casts a cantrip, but nothing happens!
The orc closely misses you! The orc hits you but does no damage!
You are poisoned!
The orc hits you with a +0 hand axe!
You take 4 damage, and have 18/25 hp!
The orc priest attacks as you move away!!!
The orc priest hits you with a +3 hand axe of venom!!!
You are more poisoned! * * * don't die
* * * You feel very sick!
The orc barely misses you!
You take 13 damage, and have 5/25 hp!
MASSIVE DAMAGE!!!!!!
It was a potion of degeneration!
There was something very wrong with that liquid!
You feel weakened!
You feel dopey!
You feel clumsy! rip

#########..# ##.# #.#
#.# ### #.# ...#
#.########...#
#.#..........##
.######.#.###o......>
............@oo>.....
.#####....###o.......
#..............##
##...######...S..
##.## ....## #.#
.#...# #.# ###.# #+#
.#


You could see an orc priest, 3 orcs and a ball python.

Vanquished Creatures
  A dart slug (D:1)
  5 ball pythons
  4 bats
  2 endoplasms (D:1)
  A giant cockroach (D:1)
  3 goblins (D:1)
  A hobgoblin (D:1)
  2 kobolds (D:1)
  4 rats (D:1)
23 creatures vanquished.

Notes
Turn   | Place    | Note
-------+----------+-------------------------------------------
     0 | D:1      | namelastname112 the Draconian Brigand began the quest for
                  | the Orb.
     0 | D:1      | Reached XP level 1. HP: 17/17 MP: 1/1
    98 | D:1      | Reached skill level 1 in Dodging
   198 | D:1      | Found a faded altar of an unknown god.
   218 | D:1      | Reached XP level 2. HP: 23/25 MP: 2/2
   433 | D:1      | Got the Papyrus of Frigorific Ignition
  1193 | D:2      | Succumbed to an orc priest's poison

Illustrated notes

Levels and vault maps discovered:
D:1:      amcnicky_arrival_choice, layout_basic,
          hellmonk_ecumenical_altar_pennies_from_heaven,
          chequers_serial_rivers_small_a, serial_bayou_ford_a,
          corexii_corridor_pit
D:2:      layout_loops_corners, uniq_crazy_yiuf_cottage

Skill      XL: |  1  2 |
---------------+-------+-----
Dodging        | 1 |  1.3
Throwing       | 2 |  2.1
Fighting       | |  2.5
Short Blades   | |  2.3
Stealth        | |  3.8

Action                   || total
-------------------------++-------
Melee: Dagger            ||    72
       Tailslap          ||     9
       Punch             ||     1
  Use: Potion            ||     1
 Stab: Sleeping          ||     2
Armor: Skin              ||    21
Dodge: Dodged            ||    39

Table legend: (Time is in decaauts)
 A = Elapsed time spent in this place.
 B = Non-inter-level travel time spent in this place.
 C = Inter-level travel time spent in this place.
 D = Time resting spent in this place.
 E = Time spent auto-exploring this place.
 F = Levels seen in this place.
 G = Mean time per level.
                   A        B        C        D        E       F      G
               +--------+--------+--------+--------+--------+-----+--------+
         Total |   1203 |   1137 |     66 |      0 |    958 |   2 |  601.5 |
       Dungeon |   1203 |   1137 |     66 |      0 |    958 |   2 |  601.5 |
               +--------+--------+--------+--------+--------+-----+--------+

Top non-repeatable levels by time:
     D:1: 1122 daAuts
     D:2: 81 daAuts
